Unix NetHack Version 5.0.0-0 post-release - last build May 10 2026 23:12:36 (d1fa5d53e341ca933230fdaa984d921c805b60aa,branch:main).

Game began 2026-05-13 07:33:41, ended 2026-05-13 07:42:46.

ArrBianca, lawful female dwarven Archeologist

                                                            ------
                                                          ---...G----
                                                          |.........|
                                                          -.....G...|
                                                          ........---
                                                          -......------
                                                          |-.....| |..--
                                                      ----|......---...|
                                                     --.^--..G.........----
                                                     |......*.i.....G...|.--
                                                     |...*....@.....--......
                                                      --.......F....--......
                                                       |............ .......
                                                       --..........  .G.....
                                                        |..---.... ..-.....G
                                                        ---- --... ...<.....
                                                               --  ........|
                                                                    |.--..--
                                                                    -- ----
ArrBianca the Digger       St:12 Dx:10 Co:13 In:16 Wi:14 Ch:13  Lawful
Dlvl:4  $:21 HP:0(20) Pw:7(7) AC:9  Xp:2 T:744  Hungry  

Latest messages:
 Your movements are slowed slightly because of your load.
 What do you want to drop? [$a-rtuxy or ?*] ?
 You drop an elven mithril-coat.
 Your movements are now unencumbered.
 Where do you want to travel to?
 (For instructions type a '?')
 You hear crashing rock.
 You swap places with the peaceful gnome lord.
 You hear crashing rock.
 You hear crashing rock.
 You descend the stairs.
 You swap places with the peaceful gnome.
 The gnome falls into a pit!
 The gnome suddenly falls asleep!
 You see here a yellowish brown gem.
 z - a yellowish brown gem.
 What do you want to use or apply? [ae-imquy or ?*] g
 What do you want to rub on the stone? [$z or ?*] z
 z - a worthless piece of yellowish brown glass.
 What do you want to drop? [$a-np-rtux-z or ?*] z
 You drop a worthless piece of yellowish brown glass.
 You see here 2 worthless pieces of yellow glass.
 You find a rolling boulder trap.
 You stop.  The gnome is in the way!
 The homunculus bites!
 You are put to sleep by the homunculus!
 The lichen touches you!
 The homunculus bites!
 The combat suddenly awakens you.
 You miss the homunculus.
 The homunculus bites!
 You are beginning to feel hungry.
 You lash the homunculus.
 The homunculus bites!
 You lash the homunculus.
 The homunculus bites!
 You miss the homunculus.
 The homunculus bites!
 You lash the homunculus.
 The homunculus bites!
 You miss the homunculus.
 The homunculus bites!
 You are put to sleep by the homunculus!
 The gnome falls into a pit!
 The homunculus bites!
 The homunculus bites!
 The homunculus bites!
 The homunculus bites!
 You die...
 Do you want an account of creatures vanquished? [ynaq] (y) q

Inventory:
 Coins    ('$')
  $ - 21 gold pieces
 Weapons  (')')
  p - 8 +0 darts
  x - a cursed -3 dart
  a - a +2 bullwhip (weapon in right hand)
 Armor    ('[')
  k - a cursed -2 dwarvish iron helm
  c - an uncursed +0 fedora (being worn)
  n - an uncursed +0 dwarvish cloak (being worn)
  b - an uncursed +0 leather jacket (being worn)
 Comestibles  ('%')
  d - 4 uncursed food rations
  l - 2 uncursed homemade tins of fox meat
  t - an uncursed homemade tin of newt meat
  r - an uncursed tin of soup made from goblin meat
 Scrolls  ('?')
  j - an uncursed scroll of identify
 Tools    ('(')
  h - an empty uncursed sack
  q - a cursed magic lamp
  i - an uncursed oil lamp (lit)
  u - an uncursed oil lamp
  e - a +0 pick-axe (alternate weapon; not wielded)
  y - a cursed skeleton key
  m - an uncursed tin whistle
  f - a tinning kit (0:84)
 Gems/Stones  ('*')
  g - an uncursed touchstone

ArrBianca the Archeologist's attributes:

Background:
 You were a Digger, a level 2 female dwarven Archeologist.
 You were lawful, on a mission for Quetzalcoatl
 who was opposed by Camaxtli (neutral) and Huhetotl (chaotic).
 You were right-handed.
 You were in the Gnomish Mines, on level 4.
 You entered the dungeon 744 turns ago.
 You had 31 experience points, 9 more were needed to attain level 3.

Basics:
 You had 0 out of 20 hit points.
 You had all 7 energy points (spell power).
 Your armor class was 9.
 Your wallet contained 21 zorkmids.
 Autopickup was on for '$?!/="+%' plus thrown, with exceptions.

Final Characteristics:
 Your strength was 12 (limit:18/100).
 Your dexterity was 10 (limit:20).
 Your constitution was 13 (limit:20).
 Your intelligence was 16 (limit:16).
 Your wisdom was 14 (limit:16).
 Your charisma was 13 (limit:16).

Final Status:
 You were hungry.
 You were unencumbered.
 You were wielding a whip.
 You had basic skill with whip.

Final Attributes:
 You were fervently aligned.
 Your items were somewhat protected from fire.
 Your items were somewhat protected from cold.
 You had automatic searching.
 You had infravision.
 You were warded.
 You were lucky.
 You are dead.

Miscellaneous:
 You didn't encounter any bones levels.
 Total elapsed playing time was 8 minutes and 28 seconds.

Major events:
 Turn
    1: ArrBianca the lawful female dwarven Archeologist entered the dungeon
  397: entered the Gnomish Mines
  744: killed by a homunculus, while sleeping

You didn't know any spells.

Skills:
 Fighting Skills
   bare handed combat [Unskilled]
   two weapon combat  [Unskilled]
   riding             [Unskilled]
 Weapon Skills
   dagger             [Unskilled]
   knife              [Unskilled]
   pick-axe           [Basic]
   short sword        [Unskilled]
   saber              [Unskilled]
   club               [Unskilled]
   quarterstaff       [Unskilled]
   sling              [Unskilled]
   dart               [Unskilled]
   boomerang          [Unskilled]
   whip               [Basic]
   unicorn horn       [Unskilled]
 Spellcasting Skills
   attack spells      [Unskilled]
   healing spells     [Unskilled]
   divination spells  [Unskilled]
   matter spells      [Unskilled]

Voluntary challenges:
 Character rerolling was not enabled.
 You went without food.
 You were an atheist.
 You never genocided any monsters.
 You never polymorphed an object.
 You never changed form.
 You used no wishes.
Achievement:
 You entered the Gnomish Mines.

 The Dungeons of Doom: levels 1 to 3
    Level 1: "box"
    Level 2:
       Many fountains, many trees.
       Stairs down to The Gnomish Mines.
    Level 3:
       A fountain.
 The Gnomish Mines: levels 3 to 4
    Level 3:
    Level 4: <- You were here.
       Final resting place for
          you, killed by a homunculus, while sleeping.


Vanquished creatures:
  a hobbit
  a gnome
  2 foxes
  a kobold
  2 goblins
  a grid bug
  a kobold zombie
  4 newts
13 creatures vanquished.

No species were genocided or became extinct.

Game over:
                       ----------
                      /          \
                     /    REST    \
                    /      IN      \
                   /     PEACE      \
                  /                  \
                  |    ArrBianca     |
                  |      21 Au       |
                  |   killed by a    |
                  |    homunculus    |
                  |                  |
                  |                  |
                  |       2026       |
                 *|     *  *  *      | *
        _________)/\\_//(\/(/\)/\//\/|_)_______

Goodbye ArrBianca the Archeologist...

You died in The Gnomish Mines on dungeon level 4 with 293 points,
and 21 pieces of gold, after 744 moves.
You were level 2 with a maximum of 20 hit points when you died.

